 Dungeon Crawl Stone Soup version 0.28-a0-1128-gb845255321 (webtiles) character file.

Game seed: 17123914160370708617

277 Froggeryz the Skirmisher (level 6, -1/79 HPs)
             Began as a Gnoll Wanderer on Dec 12, 2021.
             Slain by an adder (2 damage)
             ... in a sewer.
             The game lasted 00:03:55 (3196 turns).

Froggeryz the Skirmisher (Gnoll Wanderer)           Turns: 3196, Time: 00:03:56

Health: -1/79      AC: 23    Str: 13    XL:     6   Next: 25%
Magic:  8/8        EV:  2    Int: 14    God:
Gold:   137        SH:  0    Dex:  9    Spells: 8/8 levels left

rFire   . . .      SeeInvis .   a - +1 mace
rCold   + . .      Faith    .   (no shield)
rNeg    . . .      Spirit   .   (armour currently unavailable)
rPois   +          Reflect  .   (helmet currently unavailable)
rElec   .          Harm     .   (cloak currently unavailable)
rCorr   .          Rampage  .   (gloves currently unavailable)
Will    .....      NoTele   +   (boots currently unavailable)
Stlth   ++........              (no amulet)
HPRegen 0.23/turn               g - ring of protection from cold
MPRegen 0.11/turn               (no ring)

@: tree-form (expiring)
A: stationary, stasis, torment immunity, boosted hp, (fangs 1), strong nose,
distributed training
a: no special abilities


You were in a sewer.
You were a tree.
You visited 1 branch of the dungeon, and saw 3 of its levels.
You also visited: Sewer.

You collected 137 gold pieces.

Inventory:

Hand Weapons
 a - a +1 mace (weapon)
Missiles
 h - 30 poisoned darts (quivered)
Armour
 c - a +3 scale mail (melded)
 k - a +0 pair of boots (melded)
Jewellery
 g - a ring of protection from cold (left branch)
Wands
 j - a wand of iceblast (10)
Scrolls
 d - 4 scrolls of noise {unknown}
Potions
 e - a potion of curing
 f - a potion of brilliance {unknown}
 i - a potion of attraction {unknown}
 l - 3 potions of magic {unknown}
 m - a potion of haste {unknown}
 n - a potion of invisibility {unknown}


   Skills:
 + Level 6.8 Fighting
 + Level 1.9 Short Blades
 + Level 1.9 Long Blades
 + Level 1.9 Axes
 + Level 4.9 Maces & Flails
 + Level 3.2 Polearms
 + Level 1.9 Staves
 + Level 1.9 Slings
 + Level 1.9 Bows
 + Level 1.9 Crossbows
 + Level 1.9 Throwing
 + Level 3.2 Armour
 + Level 3.2 Dodging
 + Level 3.0 Stealth
 + Level 3.2 Shields
 + Level 1.9 Unarmed Combat
 + Level 1.9 Spellcasting
 + Level 1.5 Conjurations
 + Level 1.5 Hexes
 + Level 1.5 Summonings
 + Level 1.5 Necromancy
 + Level 1.5 Translocations
 + Level 1.5 Transmutations
 + Level 1.5 Fire Magic
 + Level 1.5 Ice Magic
 + Level 1.5 Air Magic
 + Level 1.5 Earth Magic
 + Level 1.5 Poison Magic
 + Level 2.1 Invocations
 + Level 1.9 Evocations


You had 8 spell levels left.
You didn't know any spells.
Your spell library contained the following spells:

 Spells                   Type           Power      Damage    Failure   Level
 Beastly Appendage        Tmut           10%        N/A       13%         1
 Shock                    Conj/Air       20%        1d4       13%         1
 Wereblood                Tmut           5%         N/A       21%         2
 Spider Form              Tmut/Pois      5%         N/A       36%         3
 Swiftness                Air            5%         N/A       36%         3
 Airstrike                Air            2%         N/A       78%         4


Dungeon Overview and Level Annotations

Branches:
Dungeon (3/15)              Sewer (1/1)

Altars:

Shops:
D:1 ?   D:2 [


Innate Abilities, Weirdness & Mutations

You are a tree.
Your roots penetrate the ground, keeping you stationary.
You cannot be teleported.
You are immune to unholy pain and torment.
Your maximum health is greatly increased.
Your equipment is partially melded.
((You have very sharp teeth.))
Your uncanny sense of smell can sniff out nearby items.
Your experience applies equally to all skills.


Message History

You hit the ball python.
The ball python is severely wounded.
The adder bites you but does no damage.
The ball python bites you but does no damage.
The ball python grabs you. The ball python constricts you. The adder bites you.
* * * LOW HITPOINT WARNING * * *
The frilled lizard bites you but does no damage.
You sock the ball python!
You kill the ball python!
The adder bites you but does no damage. The bullfrog hits you.
* * * LOW HITPOINT WARNING * * *
The frilled lizard bites you but does no damage.
The adder bites you but does no damage.
The bullfrog hits you but does no damage.
You hit the bullfrog.
The bullfrog is moderately wounded.
The bullfrog hits you but does no damage.
The frilled lizard bites you but does no damage.
The adder bites you but does no damage.
You closely miss the bullfrog.
The bullfrog is moderately wounded.
The bullfrog hits you but does no damage.
The adder barely misses you.
The frilled lizard bites you but does no damage.
The bullfrog hits you but does no damage.
The adder bites you but does no damage.
You hit the bullfrog.
The bullfrog is heavily wounded.
The bullfrog hits you.
* * * LOW HITPOINT WARNING * * *
The frilled lizard bites you but does no damage.
The adder bites you but does no damage. The bullfrog hits you.
* * * LOW HITPOINT WARNING * * *
You hit the bullfrog.
The bullfrog is heavily wounded.
Your transformation is almost over.
The adder barely misses you. The frilled lizard barely misses you.
The bullfrog hits you but does no damage.
The adder bites you.
You die...

.....# ....
.≈≈≈.# ##(..
## ≈≈≈≈≈#
#≈≈≈≈ ≈#
≈≈≈≈≈# #≈≈≈≈
≈# ≈≈≈≈≈#
#≈≈≈≈ ≈#
≈≈≈≈≈# #≈≈†(
≈# ≈≈≈≈≈#
#≈≈≈≈#≈#
≈≈≈≈≈#
#≈≈≈#S≈#
≈≈≈≈≈#
#≈≈≈F♣≈#
.≈.≈≈#
#≈≈≈l†≈#
.(.≈≈#
#≈≈≈#≈≈#
...÷##
#≈≈≈≈≈≈#
≈≈≈÷÷#
#≈≈≈≈≈≈#
≈≈≈≈÷#
#≈≈≈≈≈≈#
≈≈≈≈≈#
#≈≈≈≈≈≈#
≈≈≈≈≈#
#≈≈≈≈≈≈#
≈≈≈≈≈#
#####≈≈≈≈≈≈#


You could see a bullfrog, an adder and a frilled lizard.

Vanquished Creatures
  A bullfrog (Sewer)
  10 adders
  6 river rats (Sewer)
  A worm (D:3)
  2 dart slugs
  3 endoplasms
  2 giant cockroaches (D:1)
  5 goblins
  2 hobgoblins
  A quokka (D:2)
  15 ball pythons
  5 bats
  4 frilled lizards
  A kobold (D:1)
  27 rats
85 creatures vanquished.

Notes
Turn   | Place    | Note
-------+----------+-------------------------------------------
     0 | D:1      | Froggeryz the Gnoll Wanderer began the quest for the Orb.
     0 | D:1      | Froggeryz set off with the following items: a +0 mace, a
                  | potion of lignification, a +2 scale mail
     0 | D:1      | Reached XP level 1. HP: 23/23 MP: 1/1
   186 | D:1      | Found Keer Ewo's Magic Scroll Shoppe.
   210 | D:1      | Reached XP level 2. HP: 29/29 MP: 2/2
   766 | D:2      | Reached XP level 3. HP: 35/35 MP: 3/3
  1133 | D:2      | Reached skill level 1 in Invocations
  1227 | D:2      | Reached skill level 1 in Short Blades
  1227 | D:2      | Reached skill level 1 in Long Blades
  1227 | D:2      | Reached skill level 1 in Axes
  1227 | D:2      | Reached skill level 1 in Staves
  1227 | D:2      | Reached skill level 1 in Slings
  1227 | D:2      | Reached skill level 1 in Bows
  1227 | D:2      | Reached skill level 1 in Crossbows
  1227 | D:2      | Reached skill level 1 in Throwing
  1227 | D:2      | Reached skill level 1 in Unarmed Combat
  1227 | D:2      | Reached skill level 1 in Spellcasting
  1227 | D:2      | Reached skill level 1 in Evocations
  1362 | D:2      | Reached XP level 4. HP: 41/41 MP: 5/5
  1463 | D:2      | Found Pouhop's Antique Armour Boutique.
  1601 | D:2      | Found a faded altar of an unknown god.
  1857 | D:3      | Found a glowing drain.
  1881 | Sewer    | Entered a sewer
  1904 | Sewer    | Reached skill level 1 in Conjurations
  1904 | Sewer    | Reached skill level 1 in Hexes
  1904 | Sewer    | Reached skill level 1 in Summonings
  1904 | Sewer    | Reached skill level 1 in Necromancy
  1904 | Sewer    | Reached skill level 1 in Translocations
  1904 | Sewer    | Reached skill level 1 in Transmutations
  1904 | Sewer    | Reached skill level 1 in Fire Magic
  1904 | Sewer    | Reached skill level 1 in Ice Magic
  1904 | Sewer    | Reached skill level 1 in Air Magic
  1904 | Sewer    | Reached skill level 1 in Earth Magic
  1904 | Sewer    | Reached skill level 1 in Poison Magic
  2060 | Sewer    | Reached XP level 5. HP: 9/47 MP: 6/6
  3174 | Sewer    | Identified a scroll of acquirement
  3174 | Sewer    | Acquired a +0 pair of gloves of dexterity
  3188 | Sewer    | Reached XP level 6. HP: 13/53 MP: 8/8
  3195 | Sewer    | HP: 1/79 [bullfrog (4)]
  3196 | Sewer    | Slain by an adder

Illustrated notes

Levels and vault maps discovered:
D:1:      heliophobic_arrival_dark_side_of_the_moon, layout_basic, serial_shops,
          shop_scrolls, nicolae_figureground_sparkle
D:2:      layout_basic, serial_shops, shop,
          shapermc_ecumenical_altar_mp_highgroup,
          chequers_serial_rivers_large_b, serial_park_tiny_2
D:3:      layout_rooms, lemuel_crystal_altar, cheibrodos_sewer_entry_drain
Sewer:    sewer_minmay_w

Skill      XL: |  1  2  3  4  5 |
---------------+----------------+-----
Invocations    | 1 2 |  2.1
Short Blades   | 1 |  1.9
Long Blades    | 1 |  1.9
Axes           | 1 |  1.9
Staves         | 1 |  1.9
Slings         | 1 |  1.9
Bows           | 1 |  1.9
Crossbows      | 1 |  1.9
Throwing       | 1 |  1.9
Unarmed Combat | 1 |  1.9
Spellcasting   | 1 |  1.9
Evocations     | 1 |  1.9
Conjurations   | 1 |  1.5
Hexes          | 1 |  1.5
Summonings     | 1 |  1.5
Necromancy     | 1 |  1.5
Translocations | 1 |  1.5
Transmutations | 1 |  1.5
Fire Magic     | 1 |  1.5
Ice Magic      | 1 |  1.5
Air Magic      | 1 |  1.5
Earth Magic    | 1 |  1.5
Poison Magic   | 1 |  1.5
Polearms       | 3 |  3.2
Armour         | 3 |  3.2
Dodging        | 3 |  3.2
Shields        | 3 |  3.2
Stealth        | 3 |  3.0
Fighting       | |  6.8
Maces & Flails | |  4.9

Action                   |  1- 3 |  4- 6 || total
-------------------------+-------+-------++-------
Melee: Mace              |   106 |   225 ||   331
       Bite              |    10 |    14 ||    24
       Punch             |       |     1 ||     1
Throw: Dart              |       |     9 ||     9
  Use: Scroll            |       |     4 ||     4
       Potion            |       |     3 ||     3
Armor: Scale mail        |    78 |   186 ||   264
       Skin              |       |    91 ||    91
Dodge: Dodged            |    52 |   155 ||   207

Table legend: (Time is in decaauts)
 A = Elapsed time spent in this place.
 B = Non-inter-level travel time spent in this place.
 C = Inter-level travel time spent in this place.
 D = Time resting spent in this place.
 E = Time spent auto-exploring this place.
 F = Levels seen in this place.
 G = Mean time per level.
                   A        B        C        D        E       F      G
               +--------+--------+--------+--------+--------+-----+--------+
         Total |   3327 |   3271 |     56 |    862 |   1699 |   4 |  831.8 |
       Dungeon |   1936 |   1880 |     56 |      0 |   1510 |   3 |  645.3 |
         Sewer |   1390 |   1390 |      0 |    862 |    189 |   1 | 1390.0 |
               +--------+--------+--------+--------+--------+-----+--------+

Top non-repeatable levels by time:
   Sewer: 1390 daAuts
     D:2: 1105 daAuts
     D:1: 675 daAuts
     D:3: 155 daAuts
